AoeStats
← Rafael MRotta

Arena

506239255Analyzed
2v2 RM · 20d ago on Sep 12, 2026· 24m 21s· 4 players
Game mode
Random Map
Map size
Medium (4 player)
Population
200
Speed
Normal
Resources
Standard
Victory
Conquest
Starting age
Dark Age
Ending age
Imperial Age
RankedLock teamsTeams togetherTeam positionsShared explorationLock speedFull tech treeHidden civsTurbo modeCheats
Victory
Defeat
🇮🇶 Romans · Iraq
761
+13
🇺🇸 Khmer · United States
741
+14
🇧🇷 Britons · Brazil
707
-14
🇫🇮 Franks · Finland
685
-13
eptp95
9:52 Feudal Age
11:45 Double-Bit Axe
20:00 Castle Age
19:03 Gold Mining
22:28 Man-at-Arms
22:54 Gambesons
23:49 Pikeman
Rafael MRotta
7:22 Loom
10:10 Feudal Age
11:55 Horse Collar
14:33 Double-Bit Axe
18:40 Fletching
19:55 Padded Archer Armor
20:22 Man-at-Arms
IamxSaVaGe7117
10:59 Feudal Age
17:56 Castle Age
19:49 Double-Bit Axe
23:03 Husbandry
Eraser
10:34 Feudal Age
15:28 Castle Age
13:28 Double-Bit Axe
15:09 Man-at-Arms
16:43 Scale Mail Armor
16:47 Squires
16:09 Long Swordsman
20:04 Gold Mining
21:55 Pikeman
22:33 Horse Collar
Connection lost

Rejoining the realm…

Still unreachable

The connection could not be restored.

Session expired

The server has moved on; the page needs a fresh start.